Map: Phantom Mode

Players

MrArmageddon

  • Race: Terran Terran
  • Spawn Location: 5:00

chokopoki

  • Race: Zerg Zerg
  • Spawn Location: 9:00

Cyclone

  • Race: Zerg Zerg
  • Spawn Location: 5:00

Motive

  • Race: Terran Terran
  • Spawn Location: 3:00

Slamy

  • Race: Protoss Protoss
  • Spawn Location: 11:00

HunterTCP

  • Race: Terran Terran
  • League: Diamond
  • Spawn Location: 7:00

siradla

  • Race: Zerg Zerg
  • Spawn Location: 1:00

KingKronic

  • Race: Terran Terran
  • Spawn Location: 7:00

VOD

Have the link to the VOD?

Description

Time

  • Played on: Nov. 30, 2024, 7:59 p.m.
  • Length: 35:09
Show
View Real Time Build Order
Export as new Build Order

MrArmageddon Terran 

Build Orders:  

Get SALT Encoding   

Show
View Real Time Build Order
Export as new Build Order

chokopoki Zerg 

Build Orders: Pool First 

Get SALT Encoding   

  12  0:57  Spawning Pool  
  11  0:59  Drone x3  
  14  1:16  Hatchery  
  14  1:17  Hatchery  
  12  1:40  Hatchery, Drone x2  
  12  1:41  Drone  
  14  1:49  Roach Warren  
  13  1:54  Overlord  
  13  2:30  Roach  
  17  2:37  Roach x4  
  17  2:42  Roach  
  25  3:26  Drone x3  
  28  4:03  Unknown  
  17  4:35  Lair  
  17  4:39  Roach  
  17  4:40  Roach x6  
  17  4:41  Roach x2  
  35  4:51  Spine Crawler  
  33  4:57  Burrow  
  33  5:34  Extractor  
  33  5:35  Extractor  
  11  5:58  Drone  
  11  5:59  Drone x2  
  14  6:06  Drone x6  
  20  6:26  Hatchery  
  20  6:28  Hatchery  
  20  6:29  Drone  
  20  6:30  Drone x3  
  22  6:42  Extractor x2  
  7  8:21  Drone  
  7  8:33  Drone  
Show
View Real Time Build Order
Export as new Build Order

Cyclone Zerg 

Build Orders: Hatch First 

Get SALT Encoding   

  12  0:46  Drone x2  
  14  0:52  Hatchery  
  14  0:53  Hatchery  
  12  0:59  Overlord  
  12  1:14  Hatchery  
  12  1:16  Hatchery  
  10  2:32  Drone x9  
  19  2:38  Spawning Pool  
  19  2:39  Extractor  
  19  2:40  Extractor  
  19  2:42  Drone x3  
  19  2:43  Drone  
  20  3:00  Drone x5  
  25  3:15  Extractor, Drone x4  
  28  3:29  Drone x2  
  28  3:30  Drone x3  
  33  3:36  Extractor, Metabolic Boost  
  33  3:39  Drone  
  33  3:40  Drone  
  34  3:48  Lair  
  34  3:58  Drone x4  
  38  4:24  Drone x8  
  38  4:26  Overlord x2  
  38  4:27  Overlord  
  46  4:46  Queen x3  
  46  4:50  Drone x3  
  55  5:41  Infestation Pit  
  54  5:44  Hydralisk Den  
  54  5:46  Spire, Drone x11  
  54  5:47  Overlord x3, Drone  
  64  5:50  Queen x3  
  70  6:14  Overseer  
  70  6:15  Overlord x2  
  70  6:16  Overlord x4  
  70  6:19  Neural Parasite  
  70  6:21  Muscular Augments  
  70  7:25  Grooved Spines  
  70  9:17  Hatchery  
  70  9:19  Hatchery  
  70  9:21  Hatchery  
  70  9:22  Evolution Chamber x2  
  70  9:23  Evolution Chamber  
  64  9:28  Lurker Den  
  64  9:29  Zerg Flyer Weapons Level 1  
  64  9:30  Nydus Network  
  62  9:34  Hive  
  62  9:35  Lair x2  
  62  9:40  Overlord x5  
  62  9:41  Overseer x2  
  62  9:48  Spore Crawler  
  62  9:49  Spore Crawler  
  62  9:51  Spore Crawler x2  
  58  9:54  Spore Crawler  
  58  9:55  Spore Crawler  
  58  9:56  Zerg Ground Armor Level 1, Zerg Missile Weapons Level 1, Zerg Melee Weapons Level 1  
  58  9:57  Spore Crawler  
  58  9:58  Overlord, Spore Crawler, Drone x14  
  58  9:59  Overlord x14, Drone x2, Spore Crawler  
  69  10:12  Spire  
  69  10:13  Spire, Zergling x4  
  69  10:14  Zergling x8  
  73  10:48  Nydus Canal  
  73  10:58  Nydus Network  
  72  11:10  Hatchery  
  71  11:12  Hatchery  
  71  11:14  Extractor x2, Drone x6  
  71  11:15  Drone x17  
  71  11:16  Overlord x2  
  71  11:17  Drone x2  
  93  11:51  Overseer  
  93  11:59  Extractor  
  92  12:01  Extractor  
  92  12:02  Hatchery  
  92  12:07  Drone x3  
  92  12:08  Drone x6  
  99  12:09  Overlord x3  
  99  12:11  Zerg Melee Weapons Level 2, Zerg Ground Armor Level 2, Seismic Spines, Zerg Missile Weapons Level 2  
  99  12:14  Zerg Flyer Armor Level 1, Zerg Flyer Weapons Level 2  
  99  12:15  Greater Spire  
  99  12:17  Adrenal Glands  
  99  13:05  Unknown  
  99  13:08  Adaptive Talons  
  99  13:47  Lurker Den  
  98  13:50  Queen  
  100  13:57  Drone  
  100  13:58  Drone x9  
  100  13:59  Drone  
  111  14:11  Lair  
  111  14:22  Baneling Nest  
  110  14:32  Roach Warren  
  109  14:58  Zerg Ground Armor Level 3, Zerg Missile Weapons Level 3, Zerg Melee Weapons Level 3  
  109  15:00  Roach Warren  
  108  15:09  Zerg Flyer Armor Level 2, Zerg Flyer Weapons Level 3  
  108  15:14  Centrifugal Hooks  
  108  15:23  Ultralisk Cavern  
  107  15:44  Spore Crawler  
  107  15:46  Spore Crawler  
  107  15:47  Spine Crawler  
  107  15:49  Spine Crawler  
  103  15:50  Spine Crawler  
  103  15:51  Spore Crawler x2, Spine Crawler  
  103  15:52  Spore Crawler, Spine Crawler  
  103  15:53  Spore Crawler, Spine Crawler x3  
  103  15:54  Spore Crawler, Spine Crawler  
  103  15:56  Spine Crawler x3  
  88  15:57  Spine Crawler  
  88  15:58  Spine Crawler x2  
  88  15:59  Spine Crawler  
  88  16:00  Spine Crawler x2  
  88  16:01  Glial Reconstitution, Spine Crawler  
  88  16:03  Spine Crawler  
  88  16:04  Spore Crawler, Spine Crawler  
  79  16:05  Spine Crawler x3  
  79  16:06  Hydralisk Den  
  79  16:07  Spine Crawler  
  73  16:19  Overseer  
  73  16:29  Drone x6  
  73  16:30  Drone x20  
  99  16:58  Drone x15  
  99  17:00  Drone  
  116  17:01  Drone  
  116  17:20  Tunneling Claws  
  116  17:55  Corruptor x6  
  116  17:56  Corruptor x24  
  176  17:59  Roach  
  176  18:00  Roach x11  
  200  18:17  Anabolic Synthesis  
  200  19:00  Chitinous Plating  
  200  19:22  Zerg Flyer Armor Level 3  
  200  19:57  Burrow, Pneumatized Carapace  
  200  20:15  Overlord x9  
  200  21:00  Lair  
  200  21:08  Spore Crawler  
  200  21:11  Spore Crawler  
  198  21:12  Spine Crawler  
  198  21:14  Spore Crawler, Spine Crawler  
  198  21:15  Spine Crawler x2  
  198  21:16  Spine Crawler x3  
  198  21:17  Spine Crawler  
  189  21:19  Drone x6  
  195  23:33  Nydus Network  
  194  26:50  Spire  
  193  27:10  Ultralisk  
  193  27:14  Zergling x2  
  200  30:53  Nydus Canal  
  200  31:00  Nydus Network  
  196  31:30  Zergling x2  
  196  31:31  Zergling x10  
  200  31:36  Brood Lord  
  200  31:37  Brood Lord x2  
  200  31:38  Brood Lord  
  200  31:39  Brood Lord x3  
  198  31:40  Brood Lord x2  
  198  31:44  Zergling x20  
  198  31:45  Zergling x8  
  196  31:49  Zergling x4  
  196  31:50  Zergling x14  
  190  31:55  Hydralisk x4, Zergling x2  
  190  31:56  Zergling x4  
  190  31:57  Roach x2  
  190  31:58  Roach  
  184  32:05  Zergling x4  
  184  32:06  Zergling x10  
  198  32:10  Zergling x4  
  198  32:11  Zergling x12, Drone x5  
  198  32:12  Zergling x38  
  196  32:17  Zergling x2  
  196  32:18  Zergling x14  
  168  32:23  Zergling x2  
  168  32:24  Zergling x12  
  129  32:37  Zergling x2  
  129  32:38  Zergling x14  
  121  32:47  Zergling x14  
  113  32:58  Hydralisk  
  113  32:59  Hydralisk x3, Zergling x10  
  113  33:00  Zergling x2  
  113  33:05  Roach x2, Drone  
  102  33:21  Roach x10  
  119  33:49  Roach  
  119  33:50  Roach x20  
  161  33:58  Spawning Pool  
  161  34:02  Overlord  
  160  34:03  Overlord x8  
Show
View Real Time Build Order
Export as new Build Order

Motive Terran 

Build Orders:  

Get SALT Encoding   

  12  0:31  SCV  
  13  0:41  Supply Depot  
  13  0:43  SCV  
  14  0:53  Command Center  
  14  0:55  SCV  
  15  1:07  Command Center, SCV  
  15  1:08  Barracks  
  16  1:19  SCV  
  16  1:21  Engineering Bay  
  17  1:31  SCV  
  18  1:43  SCV  
  19  1:50  Refinery  
  19  1:55  SCV  
  20  2:07  SCV  
  21  2:22  Planetary Fortress  
  22  2:37  Barracks Tech Lab  
  22  2:38  Refinery  
  22  2:41  Orbital Command  
  22  2:43  Orbital Command  
  21  3:07  Factory  
  21  3:08  Hi-Sec Auto Tracking  
  21  3:13  SCV  
  21  3:17  SCV  
  23  3:25  SCV  
  24  3:29  SCV  
  25  3:37  SCV  
  26  3:41  SCV  
  26  3:46  SCV  
  28  3:49  SCV  
  28  3:51  Command Center  
  28  3:53  SCV  
  30  4:02  Unknown  
  30  4:04  Unknown  
  30  4:05  SCV  
  31  4:12  Factory Tech Lab  
  31  4:15  Factory  
  31  4:19  SCV  
  31  4:23  Refinery  
  32  4:24  Refinery  
  32  4:31  SCV  
  33  4:32  SCV  
  34  4:43  SCV x2  
  34  4:44  SCV  
  37  4:55  SCV x2  
  37  4:56  SCV  
  40  5:07  SCV x2  
  40  5:08  SCV  
  43  5:17  Orbital Command  
  43  5:19  SCV  
  43  5:20  SCV  
  45  5:25  Command Center  
  45  5:31  SCV  
  45  5:32  SCV  
  47  5:43  SCV  
  47  5:48  SCV  
  49  5:51  Factory, Factory Tech Lab  
  49  5:55  Armory  
  49  6:00  SCV  
  50  6:11  SCV  
  51  6:12  SCV  
  51  6:13  SCV  
  53  6:18  Factory  
  53  6:20  Mag-Field Accelerator  
  53  6:22  Factory  
  53  6:23  SCV  
  53  6:24  SCV  
  55  6:25  SCV  
  55  6:29  SCV  
  57  6:35  Factory, Factory Tech Lab  
  57  6:37  Neosteel Armor  
  57  6:41  SCV  
  57  6:43  Armory, Orbital Command  
  57  6:44  Command Center  
  58  6:47  SCV  
  58  6:54  Command Center  
  59  6:56  Cyclone x2  
  59  6:57  Cyclone  
  68  7:05  Missile Turret  
  68  7:07  Terran Vehicle Weapons Level 1  
  68  7:08  Factory Tech Lab x2  
  68  7:12  Factory  
  68  7:14  Factory  
  68  7:17  Factory  
  68  7:25  Missile Turret  
  68  7:38  Smart Servos  
  68  7:39  Command Center, Drilling Claws  
  68  7:41  Factory Tech Lab  
  68  7:44  Missile Turret  
  68  7:47  Factory  
  68  7:58  Factory  
  68  7:59  Factory  
  68  8:03  Orbital Command, Missile Turret  
  68  8:07  Orbital Command  
  68  8:18  Command Center  
  68  8:19  Command Center  
  68  8:25  Terran Vehicle And Ship Armor Level 1  
  68  8:32  Factory Tech Lab x3  
  68  8:34  Factory Tech Lab  
  68  8:49  Command Center  
  68  8:50  Command Center  
  68  8:52  Command Center  
  68  8:59  Orbital Command  
  68  9:12  Factory Tech Lab x2  
  68  9:16  Missile Turret  
  68  9:25  Thor  
  68  9:26  Thor x2  
  68  9:27  Thor  
  92  9:36  Missile Turret  
  92  9:38  Orbital Command  
  92  9:43  Orbital Command  
  92  9:56  Missile Turret  
  92  10:01  Thor x3  
  92  10:03  Terran Vehicle Weapons Level 2  
  110  10:12  Thor  
  110  10:13  Thor x2  
  128  10:15  Missile Turret  
  128  10:19  Terran Vehicle And Ship Armor Level 2  
  128  10:31  Command Center  
  128  10:33  Command Center  
  128  10:35  Command Center  
  128  10:39  Command Center  
  128  10:45  Command Center  
  128  10:48  Planetary Fortress x3  
  128  11:11  Command Center  
  128  11:12  Command Center  
  128  11:18  Command Center  
  128  11:31  Missile Turret, Thor  
  128  11:32  Thor x4  
  152  11:38  Cyclone x2  
  152  11:39  Cyclone x3  
  173  11:49  Planetary Fortress x3  
  173  11:51  Missile Turret, Planetary Fortress  
  173  12:13  Command Center  
  173  12:14  Command Center  
  173  12:15  Command Center  
  173  12:25  Command Center, Planetary Fortress  
  173  12:29  Planetary Fortress  
  173  12:45  Terran Vehicle And Ship Armor Level 3, Terran Vehicle Weapons Level 3  
  173  12:52  Missile Turret  
  173  13:03  Missile Turret x2  
  173  13:11  Missile Turret  
  173  13:15  Planetary Fortress  
  173  13:18  Missile Turret  
  173  13:23  Missile Turret x2  
  173  13:28  Sensor Tower  
  173  13:30  Missile Turret  
  173  13:37  Missile Turret  
  173  13:43  Missile Turret  
  173  13:45  Missile Turret, Orbital Command x2  
  173  13:56  Sensor Tower, Missile Turret  
  173  14:02  Missile Turret x2  
  173  14:03  Missile Turret  
  173  14:05  Missile Turret  
  173  14:16  Missile Turret  
  173  14:19  Missile Turret, Orbital Command  
  173  14:23  Missile Turret  
  173  14:25  Missile Turret  
  173  14:26  Sensor Tower  
  173  14:27  Planetary Fortress  
  173  14:35  Missile Turret  
  173  14:38  Missile Turret  
  173  14:41  Missile Turret  
  173  14:43  Missile Turret  
  173  14:46  Missile Turret  
  173  14:49  Missile Turret  
  173  14:51  Missile Turret  
  173  14:55  Missile Turret  
  173  14:57  Missile Turret  
  173  14:58  Cyclone  
  173  14:59  Cyclone x6  
  194  15:00  Missile Turret  
  194  15:02  Cyclone  
  197  15:10  Missile Turret  
  197  15:11  Missile Turret  
  197  15:14  Missile Turret x2  
  197  15:16  Missile Turret  
  197  15:18  Sensor Tower, Missile Turret  
  197  15:28  Missile Turret  
  197  15:29  Missile Turret  
  197  15:31  Missile Turret  
  197  15:33  Missile Turret  
  197  15:34  Missile Turret x2  
  197  15:37  Missile Turret  
  197  15:38  Missile Turret  
  197  15:47  Missile Turret  
  197  15:50  Missile Turret  
  197  15:52  Missile Turret  
  197  15:53  Missile Turret x2  
  197  15:57  Missile Turret  
  197  15:59  Sensor Tower  
  197  16:06  Missile Turret  
  197  16:09  Missile Turret  
  197  16:11  Missile Turret  
  197  16:12  Missile Turret  
  197  16:17  Missile Turret x2  
  197  16:29  Sensor Tower  
  197  16:30  Missile Turret  
  197  16:32  Missile Turret  
  197  16:33  Factory  
  197  16:36  Missile Turret  
  197  16:37  Missile Turret  
  197  16:40  Missile Turret  
  197  16:41  Missile Turret  
  197  16:48  Missile Turret  
  197  16:55  Missile Turret  
  197  16:56  Missile Turret  
  197  16:57  Missile Turret  
  197  16:59  Missile Turret  
  197  17:02  Missile Turret  
  197  17:07  Missile Turret  
  197  17:14  Missile Turret x2  
  197  17:15  Missile Turret  
  197  17:26  Missile Turret  
  197  17:31  Factory Tech Lab  
  197  17:33  Missile Turret  
  197  17:35  Factory, Missile Turret  
  197  17:45  Missile Turret  
  197  17:52  Missile Turret  
  197  17:55  Missile Turret  
  197  17:58  Missile Turret  
  197  18:06  Command Center  
  197  18:10  Missile Turret  
  197  18:13  Command Center  
  197  18:14  Missile Turret  
  197  18:17  Missile Turret  
  197  18:19  Factory Tech Lab  
  197  18:22  Factory  
  197  18:28  Missile Turret  
  197  18:37  Missile Turret  
  197  18:48  Missile Turret  
  197  18:52  Missile Turret x2  
  197  18:56  Missile Turret  
  197  18:58  Missile Turret  
  197  19:07  Missile Turret  
  197  19:11  Missile Turret  
  197  19:12  Missile Turret  
  197  19:16  Missile Turret  
  197  19:17  Missile Turret  
  197  19:21  Command Center, Planetary Fortress  
  197  19:24  Planetary Fortress  
  197  19:30  Missile Turret  
  197  19:31  Missile Turret  
  197  19:37  Factory Tech Lab  
  197  19:45  Factory  
  197  19:49  Missile Turret  
  197  19:51  Missile Turret  
  197  19:57  Missile Turret  
  197  20:10  Missile Turret  
  197  20:29  Missile Turret  
  197  20:35  Planetary Fortress  
  197  20:48  Factory Tech Lab, Missile Turret  
  196  20:51  Factory  
  196  21:07  Missile Turret  
  196  21:16  Missile Turret  
  196  21:17  Missile Turret  
  196  21:38  Missile Turret  
  196  21:39  Missile Turret, Starport  
  196  21:41  Factory Tech Lab  
  196  21:43  Factory  
  196  21:58  Missile Turret  
  196  22:11  Missile Turret  
  196  22:16  Missile Turret  
  196  22:18  Missile Turret  
  196  22:30  Missile Turret  
  196  22:35  Missile Turret  
  196  22:39  Missile Turret  
  196  22:41  Starport Tech Lab  
  196  22:48  Fusion Core, Missile Turret  
  195  22:55  Missile Turret  
  195  23:06  Missile Turret  
  195  23:07  Missile Turret  
  195  23:08  Missile Turret  
  195  23:13  Missile Turret  
  195  23:23  Factory Tech Lab  
  195  23:25  Missile Turret  
  195  23:30  Missile Turret  
  195  23:35  Factory  
  195  23:41  SCV  
  195  23:45  Missile Turret  
  196  23:48  Missile Turret  
  196  24:04  Missile Turret x2  
  196  24:08  Missile Turret  
  196  24:09  Advanced Ballistics  
  196  24:12  Cloaking Field  
  196  24:18  Terran Ship Weapons Level 1  
  196  24:23  Missile Turret  
  196  24:25  Factory Tech Lab, Starport  
  196  24:26  Missile Turret  
  196  24:28  Factory  
  196  24:44  Missile Turret  
  196  24:46  Missile Turret  
  196  25:03  Missile Turret  
  196  25:04  Starport  
  196  25:10  Hyperflight Rotors  
  196  25:11  Missile Turret  
  196  25:22  Missile Turret  
  196  25:34  Command Center  
  196  25:41  Missile Turret  
  196  25:43  Missile Turret  
  196  25:48  Starport Tech Lab x2  
  196  25:51  Starport  
  196  26:02  Missile Turret  
  196  26:22  Missile Turret  
  196  26:49  Factory  
  196  26:57  Factory  
  196  27:04  Factory  
  196  27:07  Planetary Fortress  
  196  27:11  Interference Matrix  
  196  27:20  Missile Turret  
  196  27:38  Missile Turret  
  196  27:44  Factory Tech Lab  
  195  27:45  Missile Turret  
  195  27:48  Factory Tech Lab x2  
  195  27:49  Factory Tech Lab  
  195  27:57  Missile Turret  
  195  28:00  Factory  
  195  28:02  Factory  
  195  28:04  Missile Turret  
  195  28:09  Factory  
  195  28:15  Missile Turret  
  195  28:24  Missile Turret  
  195  28:34  Missile Turret  
  195  28:42  Missile Turret  
  195  28:43  Starport Tech Lab  
  195  28:45  Command Center  
  195  29:02  Factory  
  195  29:08  Factory  
  195  29:09  Missile Turret  
  195  29:14  Missile Turret  
  195  29:29  Missile Turret  
  195  29:33  Missile Turret  
  195  29:52  Factory Tech Lab, Missile Turret  
  195  29:53  Factory Tech Lab  
  195  29:58  Factory Tech Lab x2  
  195  29:59  Factory Tech Lab  
  195  30:11  Missile Turret  
  195  30:30  Missile Turret  
  195  30:49  Missile Turret  
  183  31:41  Cyclone x2  
  183  31:42  Cyclone x4  
  195  31:54  Cyclone  
  162  32:36  Cyclone  
  159  32:37  Cyclone x11  
  159  32:38  Cyclone x6  
  144  33:01  Cyclone  
  144  33:02  Cyclone x7  
  156  33:08  Cyclone  
  156  33:09  Cyclone x9  
  156  33:10  Cyclone x4  
  156  33:12  Cyclone x2  
  195  33:33  Cyclone  
  198  34:20  Cyclone  
  198  34:21  Cyclone x2  
Show
View Real Time Build Order
Export as new Build Order

Slamy Protoss 

Build Orders:  

Get SALT Encoding   

  12  0:32  Probe  
  13  0:41  Pylon  
  13  0:44  Probe  
  14  0:52  Pylon  
  14  0:56  Probe  
  15  1:07  Pylon  
  15  1:08  Nexus, Probe  
  15  1:10  Gateway  
  16  1:13  Forge  
  16  1:20  Probe  
  18  1:32  Probe  
  18  1:44  Probe  
  19  1:57  Probe  
  19  1:59  Cybernetics Core  
  20  2:03  Pylon  
  20  2:05  Pylon  
  20  2:06  Pylon  
  20  2:07  Pylon  
  20  2:09  Probe  
  22  2:28  Probe x2  
  23  2:31  Assimilator  
  23  2:33  Assimilator  
  23  2:40  Probe  
  24  2:45  Twilight Council  
  24  2:46  Warp Gate, Robotics Facility  
  24  2:48  Stargate  
  24  2:54  Probe x2  
  26  3:06  Probe x2  
  28  3:18  Probe x2  
  30  3:30  Probe x2  
  30  3:31  Stargate  
  32  3:42  Probe x2  
  34  3:54  Probe x2  
  40  4:06  Probe x2, Void Ray  
  42  4:20  Probe  
  42  4:21  Probe  
  48  4:25  Void Ray  
  48  4:33  Probe x2  
  48  4:38  Assimilator  
  50  4:41  Assimilator  
  50  4:45  Probe x2  
  56  4:49  Void Ray  
  56  4:57  Probe x2  
  56  4:58  Pylon x2  
  58  5:01  Dark Shrine  
  58  5:04  Pylon  
  62  5:08  Void Ray  
  62  5:09  Probe x2  
  68  5:32  Void Ray  
  72  5:51  Void Ray  
  72  6:10  Stargate  
  76  6:11  Pylon  
  76  6:15  Void Ray  
  80  6:34  Void Ray  
  80  6:50  Stargate  
  80  6:51  Dark Shrine  
  84  6:58  Void Ray  
  88  7:03  Void Ray  
  88  7:06  Pylon x2  
  88  7:09  Pylon  
  88  7:10  Pylon  
  88  7:11  Pylon  
  88  7:17  Pylon  
  88  7:22  Pylon  
  88  7:24  Pylon  
  88  7:25  Pylon  
  88  7:27  Pylon  
  88  7:29  Pylon  
  88  7:30  Pylon  
  88  7:31  Pylon  
  88  7:32  Pylon  
  88  7:34  Pylon  
  88  7:35  Pylon  
  92  7:37  Pylon  
  92  7:38  Pylon  
  92  7:39  Pylon  
  92  7:41  Pylon  
  92  7:42  Pylon, Void Ray  
  92  7:43  Pylon, Void Ray  
  96  7:44  Pylon  
  100  8:14  Assimilator  
  100  8:17  Assimilator  
  100  8:18  Void Ray x2  
  108  8:25  Void Ray  
  108  8:30  Probe  
  108  8:31  Probe  
  110  8:42  Probe x2  
  110  8:46  Nexus  
  112  8:50  Probe x2  
  114  8:58  Probe x2  
  114  9:02  Void Ray  
  128  9:03  Void Ray  
  128  9:05  Void Ray  
  128  9:06  Probe x2  
  128  9:09  Void Ray  
  132  9:15  Probe x2  
  134  9:23  Probe x2  
  138  9:35  Probe  
  138  9:36  Probe  
  148  9:46  Void Ray x2  
  148  9:47  Probe  
  148  9:48  Probe  
  148  9:51  Photon Cannon  
  148  9:52  Photon Cannon  
  150  9:54  Photon Cannon x2  
  150  9:56  Photon Cannon x2  
  150  9:57  Pylon  
  150  10:03  Photon Cannon  
  150  10:06  Photon Cannon  
  150  10:08  Photon Cannon x2  
  158  10:22  Shadow Stride  
  158  10:23  Void Ray  
  158  10:24  Void Ray  
  162  10:28  Probe x2  
  162  10:29  Probe  
  162  10:32  Void Ray  
  165  10:40  Probe  
  165  10:41  Probe x2  
  180  11:11  Void Ray x2  
  180  11:12  Void Ray  
  180  11:42  Pylon  
  180  11:50  Robotics Bay, Templar Archives  
  180  11:51  Fleet Beacon  
  180  11:53  Stargate  
  180  11:56  Pylon  
  180  11:59  Pylon  
  180  12:01  Pylon, Gateway  
  180  12:03  Gateway  
  180  12:04  Gateway x2  
  180  12:06  Gateway  
  180  12:09  Gateway x2  
  180  12:11  Gateway x2  
  180  12:13  Gateway x2, Photon Cannon  
  180  12:14  Photon Cannon  
  180  12:15  Gateway x2  
  180  12:17  Gateway  
  180  12:19  Gateway, Stargate  
  180  12:20  Stargate  
  180  12:21  Stargate  
  180  12:22  Photon Cannon  
  180  12:23  Photon Cannon  
  180  12:24  Photon Cannon  
  188  12:40  Void Ray x2  
  188  12:43  Void Ray  
  192  12:53  Gateway  
  192  12:55  Gateway  
  192  12:57  Photon Cannon x2  
  192  12:58  Pylon  
  192  13:00  Photon Cannon  
  192  13:06  Photon Cannon x2  
  192  13:08  Pylon  
  192  13:10  Pylon  
  196  13:14  Void Ray  
  200  13:29  Void Ray  
  200  13:37  Photon Cannon x2  
  200  13:41  Gateway  
  200  13:42  Photon Cannon x2  
  200  13:43  Photon Cannon  
  200  13:46  Photon Cannon  
  200  13:47  Photon Cannon  
  200  13:49  Photon Cannon  
  200  13:50  Photon Cannon  
  200  14:02  Cybernetics Core  
  200  14:03  Forge  
  200  14:05  Forge  
  200  14:36  Photon Cannon x2  
  200  14:37  Photon Cannon  
  200  14:41  Photon Cannon  
  200  14:53  Protoss Ground Weapons Level 1  
  200  14:54  Protoss Shields Level 1, Protoss Ground Armor Level 1  
  200  15:08  Protoss Air Weapons Level 1, Protoss Air Armor Level 1  
  200  15:15  Pylon  
  200  15:16  Photon Cannon  
  200  15:18  Photon Cannon  
  200  15:19  Photon Cannon  
  200  15:21  Photon Cannon x2  
  200  15:27  Charge  
  200  15:30  Psionic Storm  
  200  15:32  Gravitic Boosters  
  200  15:35  Anion Pulse-Crystals  
  200  16:05  Stargate  
  200  16:07  Stargate  
  200  16:09  Stargate  
  200  16:10  Stargate  
  200  16:11  Stargate  
  200  16:12  Stargate  
  200  16:13  Stargate  
  200  16:29  Gravitic Drive  
  200  16:39  Flux Vanes  
  200  17:07  Blink  
  200  17:22  Protoss Ground Weapons Level 2, Protoss Shields Level 2, Protoss Ground Armor Level 2  
  200  17:26  Extended Thermal Lance  
  200  17:39  Protoss Air Armor Level 2, Protoss Air Weapons Level 2  
  200  19:08  Resonating Glaives  
  200  19:16  Unknown  
  200  20:01  Stargate  
  200  20:03  Stargate  
  200  20:04  Stargate x2  
  200  20:06  Stargate x2  
  200  20:08  Stargate  
  200  20:09  Stargate  
  200  20:10  Stargate  
  200  22:19  Protoss Ground Weapons Level 3, Protoss Shields Level 3, Protoss Ground Armor Level 3  
  200  22:39  Protoss Air Weapons Level 3, Protoss Air Armor Level 3  
  200  26:22  Pylon x2  
  200  26:24  Pylon  
  200  26:25  Pylon  
  200  26:26  Pylon  
  200  26:27  Pylon  
  200  26:28  Pylon  
  200  26:30  Pylon  
  200  26:34  Pylon x2  
  200  26:36  Pylon  
  200  26:37  Pylon  
  200  26:40  Pylon x2  
  200  26:49  Photon Cannon  
  200  26:50  Photon Cannon  
  200  26:52  Photon Cannon x2  
  200  26:54  Photon Cannon  
  200  26:55  Photon Cannon  
  200  26:56  Photon Cannon  
  200  26:57  Photon Cannon  
  200  26:58  Photon Cannon  
  200  26:59  Photon Cannon  
  200  27:01  Photon Cannon  
  200  27:02  Photon Cannon  
  200  27:06  Photon Cannon  
  200  27:07  Photon Cannon  
  200  27:08  Photon Cannon x2  
  200  27:10  Photon Cannon x2  
  200  27:11  Photon Cannon  
  200  27:12  Photon Cannon  
  200  27:13  Photon Cannon  
  200  27:14  Photon Cannon  
  200  27:15  Photon Cannon  
  200  27:16  Photon Cannon  
  200  27:17  Photon Cannon  
  200  27:18  Photon Cannon  
  200  27:19  Photon Cannon  
  200  27:20  Photon Cannon  
  200  27:21  Photon Cannon x2  
  200  27:25  Photon Cannon  
  200  27:27  Photon Cannon  
  200  27:28  Photon Cannon  
  200  27:30  Photon Cannon  
  200  27:32  Photon Cannon  
  200  27:33  Photon Cannon x2  
  200  27:35  Photon Cannon  
  200  27:36  Photon Cannon  
  200  27:38  Photon Cannon x2  
  200  27:39  Photon Cannon x2  
  200  27:41  Photon Cannon x2  
  200  27:43  Pylon  
  200  27:45  Pylon  
  200  27:46  Shield Battery x2, Pylon  
  200  27:48  Shield Battery  
  200  27:49  Pylon, Shield Battery  
  200  27:51  Pylon, Shield Battery  
  200  27:52  Pylon, Shield Battery  
  200  27:54  Shield Battery, Pylon  
  200  27:55  Shield Battery  
  200  27:56  Shield Battery, Pylon  
  200  27:57  Shield Battery  
  200  27:58  Pylon  
  200  27:59  Shield Battery, Pylon  
  200  28:00  Shield Battery  
  200  28:01  Shield Battery, Pylon  
  200  28:02  Shield Battery  
  200  28:03  Pylon  
  200  28:04  Pylon  
  200  28:06  Pylon  
  200  28:08  Pylon  
  200  28:17  Photon Cannon  
  200  28:19  Photon Cannon  
  200  28:21  Photon Cannon x2  
  200  28:23  Photon Cannon x2  
  200  28:26  Photon Cannon x2  
  200  28:28  Photon Cannon  
  200  28:29  Photon Cannon  
  200  28:31  Photon Cannon x2  
  200  28:34  Photon Cannon x2  
  200  28:36  Photon Cannon  
  200  28:37  Photon Cannon  
  200  28:39  Photon Cannon x2  
  200  28:41  Photon Cannon  
  200  28:42  Photon Cannon  
  200  28:43  Shield Battery  
  200  28:44  Shield Battery, Photon Cannon  
  200  28:45  Photon Cannon  
  200  28:46  Shield Battery  
  200  28:47  Photon Cannon x2  
  76  28:48  Shield Battery  
  76  28:49  Shield Battery, Photon Cannon x2  
  76  28:51  Shield Battery, Photon Cannon  
  76  28:52  Shield Battery  
  76  28:53  Photon Cannon x2  
  76  28:54  Shield Battery, Photon Cannon  
  76  28:56  Shield Battery, Photon Cannon x2  
  76  28:58  Shield Battery  
  76  28:59  Shield Battery, Photon Cannon  
  76  29:01  Shield Battery, Photon Cannon x2  
  76  29:02  Shield Battery  
  76  29:03  Photon Cannon  
  76  29:04  Shield Battery, Photon Cannon  
  76  29:06  Shield Battery, Photon Cannon x2  
  76  29:08  Photon Cannon  
  76  29:09  Photon Cannon  
  76  29:11  Photon Cannon x2  
  76  29:13  Photon Cannon x2  
  76  29:15  Photon Cannon  
  76  29:16  Photon Cannon  
  68  29:18  Photon Cannon x2  
  68  29:20  Photon Cannon, Dark Templar x2  
  68  29:21  Photon Cannon, Dark Templar x4  
  68  29:22  Dark Templar  
  68  29:23  Photon Cannon x2  
  82  29:25  Photon Cannon  
  82  29:26  Photon Cannon  
  82  29:28  Photon Cannon x2  
  82  29:31  Photon Cannon  
  82  29:32  Photon Cannon  
  82  29:34  Photon Cannon  
  82  29:37  Void Ray  
  82  29:38  Void Ray x15  
  170  29:39  Void Ray x5  
  170  29:46  Dark Templar x4  
  170  29:47  Dark Templar x3  
  184  29:55  Archon x5  
  184  29:56  Archon  
  184  29:57  Archon  
  182  30:09  Stalker x3  
  182  30:10  Stalker x4  
  175  30:14  Void Ray x2  
  125  30:23  Stalker x3, Void Ray x6  
  125  30:24  Stalker x4  
  158  30:32  Void Ray x2  
  168  30:39  Void Ray  
  168  30:40  Void Ray x4  
  136  30:53  Void Ray  
  136  30:54  Void Ray  
  140  30:58  Stalker  
  140  30:59  Stalker x2  
  142  31:06  Void Ray  
  128  31:15  Void Ray x2  
  96  31:26  Dark Templar x2  
  112  31:38  Void Ray x2  
  148  31:40  Void Ray x2  
  148  31:45  Gateway  
  148  31:47  Gateway  
  148  31:48  Gateway  
  52  32:26  Gateway  
  52  32:40  Twilight Council  
  52  33:03  Dark Templar x2  
  56  34:10  Dark Templar  
  56  34:11  Dark Templar x2  
  60  34:43  Dark Templar  
  60  34:44  Dark Templar x2  
  66  34:54  Gateway  
  66  34:57  Gateway x2  
  66  35:01  Gateway  
Show
View Real Time Build Order
Export as new Build Order

HunterTCP Terran 

Build Orders: 2 Factory, Mech 

Get SALT Encoding   

  12  0:37  Engineering Bay  
  12  0:38  Supply Depot  
  12  0:41  SCV  
  13  0:45  Refinery  
  13  0:53  SCV  
  14  1:01  Command Center  
  14  1:04  Command Center  
  14  1:05  SCV  
  15  1:17  SCV  
  16  1:22  Supply Depot x2  
  16  1:34  SCV  
  17  1:45  Barracks  
  17  1:46  Supply Depot  
  17  1:48  SCV  
  18  2:01  SCV  
  19  2:22  Planetary Fortress  
  19  2:24  SCV x2  
  21  2:31  Refinery  
  21  2:39  SCV x2  
  23  2:53  SCV  
  23  2:54  SCV  
  25  3:07  SCV  
  25  3:08  SCV x2, Barracks Tech Lab  
  28  3:21  SCV x2  
  30  3:28  Factory  
  30  3:29  Factory  
  30  3:30  Factory, SCV  
  30  3:32  Factory  
  30  3:33  Factory  
  31  3:35  Command Center  
  31  3:42  SCV  
  31  3:47  Unknown x2  
  32  3:53  SCV  
  32  3:54  SCV x2  
  35  3:56  Marauder  
  37  4:05  SCV  
  37  4:06  SCV x2  
  40  4:14  Barracks  
  40  4:18  SCV  
  40  4:19  SCV  
  40  4:20  SCV  
  40  4:24  Refinery x2  
  43  4:25  Factory Tech Lab  
  43  4:26  Factory Reactor, Factory Tech Lab x2  
  43  4:28  Factory Reactor  
  43  4:30  SCV, Marauder  
  46  4:31  SCV  
  46  4:32  SCV  
  48  4:42  SCV  
  48  4:45  Barracks  
  49  4:46  SCV x2  
  49  4:47  Barracks  
  51  4:54  SCV  
  52  5:00  SCV x2  
  52  5:02  Marine  
  55  5:07  SCV  
  55  5:08  SCV, Armory  
  55  5:13  Barracks Reactor  
  57  5:17  Barracks  
  57  5:19  Marine  
  58  5:22  SCV x2  
  58  5:26  Siege Tank x3  
  69  5:50  SCV x2  
  69  5:53  Barracks Reactor  
  69  5:54  Barracks Tech Lab  
  69  5:56  Marine  
  69  5:57  Marine  
  72  5:58  Siege Tank  
  72  6:02  Hellion, Siege Tank  
  72  6:03  Hellion, Siege Tank  
  72  6:04  Hellion x2  
  90  6:05  SCV  
  90  6:06  SCV  
  92  6:17  Barracks  
  92  6:19  Barracks Reactor  
  92  6:25  Supply Depot  
  92  6:35  Command Center  
  92  6:39  Command Center  
  92  6:43  Factory  
  92  6:46  SCV x2, Unknown, Marine x4, Marauder  
  100  7:47  SCV x2, Marine x6, Marauder  
  110  7:59  SCV x2  
  112  8:07  SCV x2  
  112  8:11  SCV x2, Marine  
  117  8:19  Reaper x4  
  122  8:20  Reaper x2  
  123  8:28  Orbital Command x2, Marine  
  123  8:31  SCV x2  
  126  8:36  Orbital Command x2  
  126  8:57  Supply Depot  
  126  9:05  Command Center  
  126  9:06  Command Center  
  126  9:08  Command Center  
  126  9:11  Command Center, Supply Depot  
  126  9:18  Factory  
  126  9:19  Supply Depot  
  126  9:21  Hellion x4  
  126  9:53  SCV  
  126  9:54  SCV  
  128  10:05  SCV  
  129  10:11  Orbital Command  
  129  10:18  SCV  
  130  10:26  Factory  
  130  10:31  Factory  
  130  10:36  Barracks Tech Lab  
  130  10:37  Factory  
  130  10:38  Armory  
  130  10:46  Factory  
  130  10:47  Factory  
  130  10:54  Factory  
  130  10:59  Barracks Tech Lab  
  130  11:03  SCV x2  
  132  11:04  Supply Depot  
  132  11:10  Command Center  
  132  11:11  Factory  
  132  11:16  Factory  
  132  11:17  Factory  
  132  11:18  Command Center  
  132  11:24  SCV  
  133  11:28  Command Center, Refinery  
  133  11:36  SCV  
  133  11:37  Factory Tech Lab  
  133  11:38  Factory Tech Lab x3  
  133  11:39  Factory Tech Lab  
  134  11:47  Terran Vehicle And Ship Armor Level 1, Terran Vehicle Weapons Level 1  
  134  11:48  SCV  
  135  12:00  SCV  
  136  12:06  Barracks Tech Lab  
  136  12:12  SCV  
  137  12:19  Refinery  
  137  12:24  SCV  
  138  12:31  Factory  
  138  12:36  SCV  
  139  12:37  Factory x2, Orbital Command x3  
  139  12:38  Factory, Command Center  
  139  12:41  Factory  
  139  12:42  Factory  
  139  12:48  SCV  
  139  12:51  Marine x3  
  140  12:52  Marine  
  140  12:53  Barracks Tech Lab  
  144  13:00  Factory, SCV  
  145  13:09  Marine x3  
  148  13:15  Factory  
  148  13:21  Factory  
  148  13:26  Factory  
  148  13:29  Factory x3  
  148  13:30  Factory  
  148  13:32  Factory Tech Lab  
  148  13:33  Factory, Factory Tech Lab x8  
  148  13:45  Siege Tank  
  148  13:46  Factory, Siege Tank x8  
  175  13:51  Siege Tank x8  
  199  14:08  Terran Vehicle And Ship Armor Level 2, Terran Vehicle Weapons Level 2  
  197  14:17  Siege Tank  
  198  14:24  Orbital Command  
  198  14:29  Factory Tech Lab  
  198  14:30  Factory Tech Lab x10  
  198  14:31  Factory Tech Lab  
  198  14:37  Factory  
  198  14:42  Factory  
  165  15:13  Siege Tank  
  165  15:14  Siege Tank x13  
  200  15:26  Orbital Command  
  200  15:30  Orbital Command x2  
  200  16:15  Command Center  
  200  16:16  Command Center  
  199  16:20  Command Center x3  
  199  16:23  Command Center  
  199  16:26  Command Center  
  199  16:28  Command Center  
  199  16:29  Command Center  
  199  16:32  Command Center  
  199  16:36  Command Center  
  199  16:39  Command Center  
  199  16:40  Command Center x2  
  199  16:41  Command Center  
  199  16:51  Command Center  
  199  17:02  Command Center  
  199  17:03  Command Center  
  199  17:08  Factory Tech Lab  
  199  17:10  Terran Vehicle And Ship Armor Level 3, Terran Vehicle Weapons Level 3  
  199  17:29  Command Center  
  199  17:42  Orbital Command  
  199  17:43  Orbital Command x6  
  199  17:49  Orbital Command  
  199  17:50  Orbital Command x2  
  199  18:14  Orbital Command x4  
  199  18:15  Orbital Command  
  199  18:37  Command Center  
  199  18:42  Command Center  
  199  18:47  Command Center  
  199  18:48  Command Center  
  199  18:54  Command Center x2  
  199  18:57  Command Center  
  199  19:02  Orbital Command x4  
  199  19:14  SCV  
  200  19:54  Command Center  
  200  19:56  Command Center  
  200  19:57  Command Center  
  200  19:58  Command Center  
  200  20:00  Command Center  
  200  20:02  Command Center  
  200  20:05  Command Center, Terran Ship Weapons Level 1  
  200  20:06  Command Center  
  200  20:23  Command Center  
  200  20:26  Command Center  
  200  20:35  Command Center  
  200  20:38  Command Center  
  200  20:41  Command Center x2  
  200  20:54  Command Center  
  200  21:12  Orbital Command  
  200  21:17  Orbital Command  
  200  21:33  Command Center  
  200  21:46  Command Center  
  200  21:50  Command Center  
  200  21:51  Command Center  
  200  22:07  Command Center  
  200  22:08  Command Center x2  
  200  22:11  Command Center  
  200  22:13  Command Center  
  200  22:15  Command Center  
  200  22:30  Orbital Command  
  200  22:49  Command Center  
  200  22:55  Orbital Command x9  
  200  22:56  Orbital Command x2  
  200  22:57  Orbital Command  
  200  23:08  Orbital Command  
  200  23:09  Orbital Command  
  200  23:19  Command Center  
  200  23:23  Command Center  
  200  23:43  Command Center  
  200  23:44  Command Center  
  200  23:46  Command Center  
  200  23:48  Command Center  
  200  23:51  Command Center  
  200  23:58  Command Center  
  200  24:08  Command Center  
  200  24:14  Command Center x2  
  200  24:15  Command Center  
  200  24:18  Command Center  
  200  24:25  Command Center  
  200  24:27  Command Center  
  200  24:46  Command Center  
  200  24:47  Command Center  
  200  24:52  Command Center  
  200  24:54  Command Center  
  200  24:55  Command Center  
  200  25:15  Orbital Command x5  
  200  25:16  Command Center, Orbital Command  
  200  25:27  Command Center  
  200  25:29  Command Center x2  
  200  25:30  Command Center  
  200  25:33  Command Center, Orbital Command  
  200  25:36  Command Center x2  
  200  25:46  Command Center x2  
  200  25:48  Command Center  
  200  25:52  Command Center  
  200  27:03  Orbital Command x5  
  200  27:15  Orbital Command  
  200  27:55  Orbital Command  
  200  27:56  Orbital Command x3  
  200  28:04  Orbital Command  
  200  28:05  Orbital Command x12  
  200  28:20  Orbital Command x7  
  200  29:01  Orbital Command x7  
  200  29:02  Orbital Command x7  
  197  33:02  Thor  
  197  33:03  Thor x5  
  197  33:04  Thor  
  197  33:06  Thor  
  197  33:08  Thor x2  
  197  33:11  Thor  
  188  33:23  Thor  
  188  33:24  Thor x4  
  188  33:25  Factory Tech Lab  
  191  33:27  Thor  
  191  33:28  Thor x2  
Show
View Real Time Build Order
Export as new Build Order

siradla Zerg 

Build Orders: Pool First 

Get SALT Encoding   

  12  0:32  Drone x2  
  14  0:41  Overlord, Spawning Pool  
  13  0:48  Drone  
  14  0:50  Hatchery  
  14  0:55  Drone  
  14  0:58  Hatchery  
  13  1:05  Drone  
  14  1:17  Drone  
  15  1:20  Evolution Chamber  
  14  1:26  Drone  
  14  1:28  Queen  
  17  1:40  Drone  
  18  1:48  Drone  
  19  1:55  Zerg Missile Weapons Level 1  
  19  1:58  Extractor, Drone  
  19  2:02  Queen  
  19  2:04  Drone  
  22  2:10  Queen  
  22  2:12  Drone x2  
  22  2:15  Drone  
  27  2:21  Overlord  
  27  2:25  Drone  
  27  2:27  Drone  
  29  2:31  Drone  
  29  2:34  Drone  
  31  2:37  Drone  
  31  2:42  Drone  
  33  2:45  Drone  
  33  2:49  Drone  
  33  2:50  Drone  
  36  2:53  Drone  
  36  2:56  Drone  
  38  2:59  Drone  
  38  3:02  Drone  
  40  3:07  Drone x2  
  40  3:12  Overlord  
  42  3:18  Overlord  
  42  3:23  Lair  
  42  3:39  Drone x9  
  51  3:48  Extractor  
  50  3:50  Extractor  
  50  3:52  Extractor  
  50  3:54  Zerg Melee Weapons Level 1  
  48  3:56  Metabolic Boost  
  48  3:57  Evolution Chamber  
  48  4:01  Drone x4  
  48  4:02  Overlord  
  51  4:04  Overlord  
  51  4:07  Overlord  
  51  4:32  Overlord  
  51  4:39  Infestation Pit, Zerg Missile Weapons Level 2  
  51  4:45  Overlord  
  50  4:51  Hydralisk Den  
  49  5:11  Pneumatized Carapace  
  49  5:19  Neural Parasite, Hive  
  49  5:21  Burrow  
  49  5:22  Grooved Spines  
  49  5:23  Hydralisk x10  
  69  5:29  Overlord x2  
  69  5:59  Zerg Ground Armor Level 1  
  69  6:07  Lurker Den  
  69  6:09  Overseer  
  68  6:12  Muscular Augments, Zergling x2  
  68  6:13  Zergling x40  
  68  6:15  Zergling x2  
  90  6:35  Adrenal Glands  
  90  7:08  Hydralisk  
  90  7:09  Hydralisk x6  
  90  7:10  Overlord x5  
  104  7:19  Overlord  
  104  7:46  Hydralisk x9  
  104  7:47  Overlord  
  104  7:48  Overlord  
  122  7:54  Overseer  
  122  8:02  Zergling x10  
  127  8:21  Unknown  
  127  8:55  Hydralisk x12  
  127  8:56  Hydralisk  
  153  9:03  Zergling x8  
  157  9:35  Infestor x2  
  157  9:38  Zergling x18  
  170  9:46  Overlord  
  170  9:48  Zerg Missile Weapons Level 3  
  170  10:21  Overlord x2  
  170  10:22  Overlord  
  170  10:46  Drone x4  
  170  10:47  Baneling Nest, Drone x2  
  170  10:48  Drone x5  
  180  10:52  Zerg Melee Weapons Level 2  
  180  10:53  Viper  
  183  11:08  Infestor  
  185  11:13  Drone x8  
  193  11:19  Spine Crawler x2  
  193  11:23  Spine Crawler  
  193  11:25  Spine Crawler  
  189  11:32  Centrifugal Hooks  
  189  11:42  Spine Crawler  
  189  11:46  Spine Crawler  
  187  12:07  Drone x3  
  187  12:08  Drone x10  
  200  12:19  Spore Crawler x2  
  200  12:20  Spore Crawler  
  197  12:24  Zerg Ground Armor Level 2  
  197  12:25  Spore Crawler  
  197  12:27  Spore Crawler  
  197  12:29  Spore Crawler  
  194  12:30  Spore Crawler x2  
  194  12:31  Spore Crawler  
  194  12:32  Spore Crawler  
  194  12:33  Spore Crawler  
  189  12:43  Viper  
  189  12:44  Viper  
  189  12:46  Infestor x2  
  189  12:51  Drone  
  200  13:38  Spore Crawler  
  200  13:39  Spore Crawler x2  
  200  13:40  Spore Crawler x2  
  200  13:41  Spore Crawler  
  194  13:43  Spore Crawler  
  193  13:54  Infestor x3  
  199  13:58  Zerg Melee Weapons Level 3  
  199  14:04  Spore Crawler  
  199  14:09  Spore Crawler  
  197  14:22  Spore Crawler  
  196  14:53  Zerg Ground Armor Level 3  
  196  15:03  Infestor x2  
  200  15:14  Overseer x2  
  200  15:15  Overseer x2  
  200  15:16  Overseer  
  200  15:17  Overseer x3  
  200  15:18  Overseer x4  
  200  15:19  Spine Crawler  
  199  15:22  Spine Crawler  
  199  15:24  Overlord  
  199  15:25  Overlord  
  198  16:27  Baneling  
  198  16:28  Baneling x8  
  198  16:29  Baneling x3  
  198  16:45  Infestor  
  200  17:21  Overlord  
  200  17:22  Overlord x10  
  200  17:23  Overlord x3  
  200  17:36  Overseer  
  200  17:37  Overseer  
  200  17:43  Overseer x13  
  200  17:45  Overseer x2  
  200  17:47  Overlord x11  
  200  17:54  Overseer x30  
  200  18:09  Overlord x7  
  200  18:10  Overlord x3  
  200  18:11  Overseer x9  
  200  18:12  Overseer x2  
  200  19:57  Spore Crawler  
  200  19:59  Spore Crawler x2  
  197  20:03  Spore Crawler  
  197  20:04  Spore Crawler x2  
  197  20:05  Drone x6, Spore Crawler  
  197  20:06  Drone  
  200  20:19  Seismic Spines  
  200  21:16  Adaptive Talons  
  200  21:34  Spore Crawler  
  200  21:39  Spore Crawler x2  
  197  21:40  Spore Crawler  
  197  21:43  Spore Crawler  
  195  21:48  Drone x5, Spore Crawler  
  195  21:49  Drone  
  200  21:58  Spore Crawler  
  200  21:59  Drone, Spore Crawler  
  199  22:01  Spore Crawler  
  199  22:04  Ultralisk Cavern  
  199  22:07  Nydus Network  
  196  22:10  Nydus Network  
  196  22:14  Drone x5  
  200  23:18  Anabolic Synthesis  
  200  23:24  Spire  
  200  23:25  Drone  
  200  23:26  Spire  
  199  23:36  Spore Crawler x2  
  199  23:37  Spore Crawler  
  199  23:39  Spore Crawler x2  
  199  23:40  Spore Crawler, Spine Crawler  
  192  23:44  Spore Crawler  
  192  23:45  Spore Crawler  
  192  23:46  Spore Crawler  
  192  23:47  Spore Crawler  
  192  23:48  Spore Crawler, Drone x11  
  190  23:50  Drone x2  
  200  23:56  Nydus Canal  
  200  24:00  Chitinous Plating  
  200  24:24  Infestor x3  
  200  24:39  Infestor  
  200  24:41  Greater Spire  
  200  24:42  Zerg Flyer Weapons Level 1  
  200  24:47  Roach Warren, Drone  
  200  27:10  Overlord x8  
  200  27:25  Spore Crawler  
  200  27:27  Spore Crawler  
  200  27:29  Spore Crawler x2  
  196  27:30  Drone x4  
  196  27:32  Spore Crawler  
  196  27:34  Overseer x8  
  199  27:40  Zerg Flyer Weapons Level 2  
  199  27:42  Zerg Flyer Armor Level 1  
  199  27:45  Overlord  
  193  28:14  Infestor x4  
  193  28:15  Infestor  
  193  28:16  Infestor  
  193  28:19  Infestor  
  197  28:27  Infestor  
  198  29:47  Baneling  
  198  29:48  Baneling x17  
  198  29:49  Baneling x11  
  198  30:36  Zerg Flyer Weapons Level 3  
  198  30:37  Zerg Flyer Armor Level 2  
  198  31:08  Infestor  
  200  32:46  Glial Reconstitution  
  200  33:03  Infestor x15  
  200  33:29  Nydus Canal  
  200  33:33  Nydus Canal  
  200  34:02  Infestor x8  
  174  34:22  Nydus Canal  
  163  34:31  Infestor x8  
  161  34:32  Infestor x11  
Show
View Real Time Build Order
Export as new Build Order

KingKronic Terran 

Build Orders:  

Get SALT Encoding   

  12  0:56  Supply Depot  
  12  1:03  Command Center, SCV  
  13  1:11  Refinery  
  13  1:14  Refinery  
  13  1:15  SCV  
  14  1:19  Supply Depot  
  14  1:27  SCV  
  15  1:39  SCV  
  16  1:42  Supply Depot  
  16  1:51  SCV  
  17  2:03  SCV  
  17  2:04  Supply Depot  
  18  2:15  SCV  
  19  2:27  SCV  
  19  2:29  Engineering Bay  
  20  2:31  SCV  
  20  2:32  Refinery  
  21  2:43  SCV x2  
  23  2:55  SCV x2, Refinery  
  25  3:07  SCV x2  
  27  3:18  Barracks  
  27  3:19  SCV x2  
  29  3:31  SCV x2  
  31  3:37  Terran Infantry Weapons Level 1  
  31  3:43  SCV  
  32  3:56  Supply Depot  
  32  4:05  SCV  
  32  4:07  Barracks  
  33  4:17  SCV  
  33  4:19  Supply Depot  
  34  4:29  SCV  
  35  4:32  Barracks Tech Lab  
  35  4:41  SCV  
  35  4:45  Supply Depot  
  36  4:54  SCV  
  36  4:56  Factory  
  37  5:06  SCV  
  38  5:07  Supply Depot  
  38  5:16  Barracks Tech Lab  
  38  5:18  SCV  
  39  5:30  SCV  
  39  5:31  Terran Infantry Armor Level 1  
  39  5:34  Orbital Command  
  40  5:40  Factory  
  40  5:42  SCV  
  41  5:45  Factory Tech Lab  
  41  5:48  Combat Shield  
  41  5:54  SCV  
  42  6:06  SCV  
  43  6:15  Supply Depot  
  43  6:18  SCV  
  44  6:31  Factory Tech Lab  
  44  6:38  Supply Depot  
  44  6:40  Armory  
  44  7:00  Supply Depot  
  44  7:01  Infernal Pre-Igniter  
  44  7:07  Stimpack  
  44  7:13  SCV  
  45  7:23  Supply Depot  
  45  7:25  Neosteel Armor  
  45  7:26  SCV  
  46  7:30  Starport  
  46  7:34  Terran Ship Weapons Level 1  
  46  7:37  Drilling Claws  
  46  7:47  Supply Depot  
  46  8:07  Starport  
  46  8:09  Starport Tech Lab  
  46  8:10  Supply Depot  
  46  8:20  Mag-Field Accelerator, Orbital Command  
  46  8:44  Starport  
  46  8:47  Concussive Shells  
  46  8:55  Fusion Core, Smart Servos  
  46  9:05  Hi-Sec Auto Tracking  
  46  9:22  Starport  
  46  9:25  Starport Tech Lab x2  
  46  9:28  Terran Vehicle Weapons Level 1  
  46  9:29  Cloaking Field  
  46  9:58  SCV  
  47  10:00  Starport  
  47  10:02  Terran Infantry Weapons Level 2  
  47  10:05  Ghost Academy  
  47  10:24  Weapon Refit  
  47  10:27  Hyperflight Rotors  
  47  10:35  Ghost Academy  
  47  10:37  Starport  
  47  11:04  Ghost Academy  
  47  11:16  Starport  
  47  11:23  Terran Vehicle And Ship Armor Level 1  
  47  11:45  Ghost Academy  
  47  11:53  Starport  
  47  11:57  Caduceus Reactor  
  47  12:03  Personal Cloaking, Nuke  
  47  12:04  Nuke  
  47  12:14  Ghost Academy  
  47  12:16  Starport Tech Lab x2  
  47  12:17  Terran Infantry Armor Level 2, Starport Tech Lab x2  
  47  12:28  Interference Matrix  
  47  12:34  Starport  
  47  12:46  Nuke x2  
  47  12:52  Ghost x2  
  47  12:53  Advanced Ballistics  
  53  13:02  Ghost Academy  
  53  13:12  Starport  
  53  13:16  Terran Ship Weapons Level 2  
  53  13:20  Ghost  
  53  13:21  Ghost  
  53  13:23  Starport Tech Lab  
  53  13:26  Starport Tech Lab  
  59  13:28  Nuke  
  59  13:33  Ghost Academy  
  57  13:49  Ghost x2  
  57  13:53  Starport Tech Lab  
  63  13:57  SCV  
  63  14:04  Ghost Academy  
  63  14:06  Starport  
  63  14:09  SCV  
  64  14:18  Ghost x2  
  64  14:21  SCV  
  71  14:34  Terran Infantry Weapons Level 3, Nuke x3  
  71  14:35  Ghost Academy  
  71  14:43  Starport  
  71  14:46  Ghost x2  
  71  14:49  Medivac  
  79  14:53  Starport Tech Lab  
  79  15:19  Medivac  
  79  15:20  Ghost Academy  
  79  15:21  Starport  
  81  15:32  Terran Vehicle Weapons Level 2  
  80  15:42  Ghost  
  83  15:49  Medivac, Ghost Academy  
  85  15:52  Starport Tech Lab  
  85  15:56  Nuke x2  
  85  15:57  Starport  
  85  16:05  Starport Tech Lab  
  85  16:10  Ghost  
  87  16:34  Starport, Nuke  
  87  16:41  Battlecruiser x3  
  87  16:42  Battlecruiser x5  
  87  16:43  Battlecruiser x5  
  165  16:52  Starport Tech Lab  
  165  17:11  Terran Infantry Armor Level 3  
  165  17:12  Starport  
  165  17:34  Battlecruiser  
  171  17:45  Battlecruiser, Starport Tech Lab  
  171  17:46  Battlecruiser x7  
  171  17:47  Battlecruiser x5  
  171  17:48  Terran Vehicle And Ship Armor Level 2  
  171  17:49  Starport  
  249  18:15  Starport Tech Lab  
  249  18:29  Starport  
  249  18:33  Starport Tech Lab  
  249  19:47  Starport Tech Lab  
  249  19:57  Sensor Tower  
  249  20:04  Terran Ship Weapons Level 3  
  249  20:27  Sensor Tower  
  249  20:48  Sensor Tower, Supply Depot  
  249  21:11  Supply Depot  
  249  21:16  Sensor Tower  
  249  21:34  Supply Depot  
  249  21:56  Supply Depot  
  249  22:18  Supply Depot  
  249  22:41  Supply Depot, Terran Vehicle Weapons Level 3  
  249  23:03  Supply Depot  
  249  23:26  Supply Depot  
  249  23:50  Supply Depot  
  249  24:13  Supply Depot  
  249  24:35  Supply Depot  
  249  24:59  Supply Depot  
  249  25:18  Terran Vehicle And Ship Armor Level 3  
  249  25:22  Supply Depot  
  249  25:44  Supply Depot  
  249  26:01  Battlecruiser x3  
  249  26:02  Battlecruiser  
  273  26:07  Supply Depot  
  273  26:09  Raven  
  275  26:29  Supply Depot  
  275  26:52  Supply Depot  
  275  27:15  Supply Depot  
  275  27:38  Supply Depot  
  275  28:00  Supply Depot  
  275  28:23  Supply Depot  
  275  28:45  Supply Depot  
  251  28:59  Nuke x3  
  251  29:00  Nuke x6  
  251  29:01  Nuke x2  
  251  29:08  Supply Depot  
  239  29:51  Battlecruiser x3  
  239  29:52  Battlecruiser x3  
  227  30:34  Battlecruiser x4  
  227  30:35  Battlecruiser x6  
  263  30:36  Battlecruiser x2  
  245  30:55  Battlecruiser  
  215  31:12  Battlecruiser x2  
  215  31:13  Battlecruiser x3  
  197  31:38  Battlecruiser x2  
  197  31:39  Battlecruiser x6  
  257  31:40  Battlecruiser x4  
  269  32:00  Battlecruiser  
  237  32:17  Battlecruiser x5  
  262  33:27  Supply Depot  
  259  33:50  Supply Depot  
  246  34:05  Starport Tech Lab  
  246  34:06  Starport Tech Lab  
  245  34:22  Fusion Core  
Tags
 
Add a new tag
Caveats
  • Supply blocks, unpowered buildings, or Contaminate may cause inaccurate times.
  • Supply counts are checked every 10 seconds.